CAROLINA vs BUFFALO

Created - May 1, 2021 at 13:17

Goals
1 2 3 T
CAROLINA 0 0 0 0
BUFFALO 1 1 0 2
Shots
1 2 3 T
CAROLINA 5 7 9 21
BUFFALO 10 13 9 32

1st period

1. BUFFALO , Alex Killorn 9 (Drew Doughty 32, Marc Staal 12) at 16:47

Penalties :
Matt Benning (CAR) for High sticking (Minor) at 3:03, James van Riemsdyk (BUF) for Interference (Minor) at 6:21, Josh Brown (CAR) for Holding (Minor) at 15:24, Roman Josi (BUF) for Roughing (Minor) at 15:47, Shea Weber (CAR) for Hooking (Minor) at 19:32

2nd period

2. BUFFALO , Brock Nelson 33 (Brad Marchand 24, Shea Theodore 21) at 10:07 (PP)

Penalties :
Deryk Engelland (CAR) for Hooking (Minor) at 8:17, Adam Henrique (CAR) for Holding (Minor) at 13:23

3rd period

No Goal

Penalties :
Brent Burns (CAR) for High sticking (Minor) at 2:22, Deryk Engelland (CAR) for Roughing (Minor) at 9:20, Shea Theodore (BUF) for Fighting (Major) at 11:33, Matt Martin (CAR) for Fighting (Major) at 11:33

Goalie Stats

Sergei Bobrovsky (CAR), 30 saves from 32 shots - (0.938), L, 26-22-4, 60:00 minutes
Tuukka Rask (BUF), 21 saves from 21 shots - (1.000), W, 36-10-3, 60:00 minutes

Players Stats for CAROLINA

Player Name              G  A  P  +/- PIM S  H  SB GA TA FO     MP     PP MP  PK MP  
------------------------------------------------------------------------------------
Adam Henrique            0  0  0   0  2   1  0  0  0  0  0/5    15:46   0:00   1:06 
Alexander Radulov        0  0  0   0  0   2  0  0  0  0  0/1    19:20   1:31   4:15 
Brent Burns              0  0  0   0  2   2  0  2  0  0  0/0    24:17   1:31   4:40 
CAR Cap Hit              0  0  0   0  0   0  0  0  0  0  0/0     4:44   0:00   1:09 
Cooper Marody            0  0  0   0  0   0  0  0  0  0  0/0     0:00   0:00   0:00 
Deryk Engelland          0  0  0  -1  4   0  5  3  0  0  0/0    20:22   0:51   4:00 
Dominik Kubalik          0  0  0   0  0   1  0  0  0  0  0/0    13:12   0:51   0:14 
Duncan Keith             0  0  0  -1  0   0  2  2  0  0  0/0    22:33   0:51   6:09 
Joel L'Esperance         0  0  0   0  0   0  0  0  0  0  0/0     4:08   0:00   0:00 
Josh Brown               0  0  0   0  2   1  1  1  0  0  0/0    15:24   0:00   3:35 
Kyle Clifford            0  0  0   0  0   1  0  0  0  0  0/1    14:29   1:31   0:00 
Luke Kunin               0  0  0   0  0   2  1  0  0  0  2/14   14:41   0:00   0:00 
Matt Benning             0  0  0   0  2   1  1  0  0  0  0/0    11:49   0:00   0:00 
Matt Martin              0  0  0   0  5   1  1  0  0  0  0/0    12:34   0:00   0:00 
Nicklas Backstrom        0  0  0   0  0   2  0  1  0  0  9/14   22:16   1:31   7:47 
Patrice Bergeron         0  0  0  -1  0   3  1  1  0  0  15/26  24:02   0:51   6:33 
Ross Colton              0  0  0  -1  0   0  0  0  0  0  0/0     4:31   0:00   0:48 
Sam Lafferty             0  0  0   0  0   0  0  0  0  0  1/4     4:08   0:00   0:00 
Shea Weber               0  0  0   0  2   1  2  0  0  0  0/0    20:45   1:31   4:43 
Vladimir Tarasenko       0  0  0   0  0   3  1  0  0  0  2/5    17:07   0:51   3:33 

Players Stats for BUFFALO

Player Name              G  A  P  +/- PIM S  H  SB GA TA FO     MP     PP MP  PK MP  
------------------------------------------------------------------------------------
Alex Chiasson            0  0  0   0  0   0  0  0  0  0  0/0     0:00   0:00   0:00 
Alex Killorn             1  0  1   1  0   4  0  0  0  0  2/3    12:05   0:00   0:00 
Brad Marchand            0  1  1   0  0   3  0  0  0  0  0/1    21:24   7:21   1:34 
Brent Seabrook           0  0  0   0  0   2  2  1  0  0  0/0    21:27   5:29   1:11 
Brock Nelson             1  0  1   0  0   6  1  0  0  0  0/1    21:53   7:21   0:11 
Carl Hagelin             0  0  0   0  0   1  0  0  0  0  1/3    12:26   0:08   0:37 
Charlie Coyle            0  0  0   0  0   2  1  0  0  0  0/0    18:22   4:39   0:00 
David Backes             0  0  0   0  0   0  0  0  0  0  0/0     6:20   0:08   0:11 
Drew Doughty             0  1  1   1  0   2  1  4  0  0  0/0    27:46   6:39   1:11 
Eric Staal               0  0  0   0  0   0  0  0  0  0  15/23  19:34   4:39   0:00 
James van Riemsdyk       0  0  0   0  2   0  1  0  0  0  1/3    18:21   4:39   0:00 
Jordan Staal             0  0  0   1  0   1  2  0  0  0  6/9    13:47   0:08   1:34 
Marc Staal               0  1  1   1  0   0  2  0  0  0  0/0    14:22   0:00   1:01 
Marco Scandella          0  0  0   0  0   3  0  0  0  0  0/0    10:57   0:00   0:10 
Matt Duchene             0  0  0   0  0   2  0  0  0  0  13/22  19:50   7:21   0:00 
Nate Thompson            0  0  0   0  0   1  0  0  0  0  3/5     6:01   0:00   0:00 
Noel Acciari             0  0  0   0  0   1  0  0  0  0  0/0     6:38   0:00   0:37 
Roman Josi               0  0  0   0  2   2  0  3  0  0  0/0    26:38   6:38   0:58 
Shea Theodore            0  1  1   0  5   2  1  0  0  0  0/0    18:08   5:29   0:13 

3 Stars

1 - Tuukka Rask (BUF)
2 - Alex Killorn (BUF)
3 - Brock Nelson (BUF)

Power Play

CAROLINA - 0 on 2 Attempt(s) - 0.00%
BUFFALO - 1 on 7 Attempt(s) - 14.29%

Penalty Kill

CAROLINA - 6 on 7 Attempt(s) - 85.71% - Score 0 goal in Penalty Kill
BUFFALO - 2 on 2 Attempt(s) - 100.00% - Score 0 goal in Penalty Kill

Team Stat

CAROLINA - Hits : 15 - Faceoff Wins : 29 - Blocked Shots : 10 - Penalty Minutes : 19
BUFFALO - Hits : 11 - Faceoff Wins : 41 - Blocked Shots : 8 - Penalty Minutes : 9

Official

Referees : Chris Schlenker and Michael Browne
Linesman : Steven Walsh and Corey Scott

Game Notes

Shea Theodore and Matt Martin fight to a draw at 11:33 of 3rd period

Finance

Level 1 -- Attendance: 6000 (100.00%) -- Ticket Income $480,000
Level 2 -- Attendance: 4589 (91.78%) -- Ticket Income $229,450
Level 3 -- Attendance: 2000 (100.00%) -- Ticket Income $56,000
Level 4 -- Attendance: 4000 (100.00%) -- Ticket Income $60,000
Luxury Box -- Attendance: 887 (88.70%) -- Ticket Income $141,920
Game was played at the KeyBank Center.
Total Attendance: 17476 (97.09%)
Total Ticket Income: $967,370
Total Income: $967,370

CAROLINA

5 vs 5 Forward 
   Center                   Left Wing                Right Wing               Time % Phy DF OF 
 1 Patrice Bergeron         Dominik Kubalik          Vladimir Tarasenko       35     1   2  2  
 2 Nicklas Backstrom        Kyle Clifford            Alexander Radulov        30     1   2  2  
 3 Luke Kunin               Matt Martin              Adam Henrique            25     1   2  2  
 4 Sam Lafferty             Patrice Bergeron         Joel L'Esperance         10     1   2  2  

5 vs 5 Defense 
   Defense                  Defense                                           Time % Phy DF OF 
 1 Brent Burns              Shea Weber                                        35     1   2  2  
 2 Duncan Keith             Deryk Engelland                                   30     1   2  2  
 3 Matt Benning             Josh Brown                                        25     1   2  2  
 4 CAR Cap Hit              Brent Burns                                       10     1   2  2  

PowerPlay Forward 
   Center                   Left Wing                Right Wing               Time % Phy DF OF 
 1 Patrice Bergeron         Dominik Kubalik          Vladimir Tarasenko       60     1   2  2  
 2 Nicklas Backstrom        Kyle Clifford            Alexander Radulov        40     1   2  2  

PowerPlay Defense
   Defense                  Defense                                           Time % Phy DF OF 
 1 Brent Burns              Shea Weber                                        60     1   2  2  
 2 Duncan Keith             Deryk Engelland                                   40     1   2  2  

Penalty Kill 4 Players Forward 
   Center                   Wing                     Time % Phy DF OF 
 1 Patrice Bergeron         Nicklas Backstrom        60     1   2  2  
 2 Vladimir Tarasenko       Alexander Radulov        40     1   2  2  

Penalty Kill 4 Players Defense
   Defense                  Defense                  Time % Phy DF OF 
 1 Brent Burns              Shea Weber               60     1   2  2  
 2 Duncan Keith             Deryk Engelland          40     1   2  2  

Penalty Kill - 3 Players Forward 
   Forward                                           Time % Phy DF OF 
 1 Patrice Bergeron                                  60     1   2  2  
 2 Nicklas Backstrom                                 40     1   2  2  

Penalty Kill - 3 Players Defense
   Defense                  Defense                  Time % Phy DF OF 
 1 Brent Burns              Shea Weber               60     1   2  2  
 2 Duncan Keith             Deryk Engelland          40     1   2  2  

4 vs 4 Forward 
   Center                   Wing                     Time % Phy DF OF 
 1 Patrice Bergeron         Nicklas Backstrom        60     1   2  2  
 2 Vladimir Tarasenko       Alexander Radulov        40     1   2  2  

4 vs 4 Defense
   Defense                  Defense                  Time % Phy DF OF 
 1 Brent Burns              Shea Weber               60     1   2  2  
 2 Duncan Keith             Deryk Engelland          40     1   2  2  

Last Minutes Offensive
   Center                   Left Wing                Right Wing               Defense                  Defense                  
   Patrice Bergeron         Dominik Kubalik          Vladimir Tarasenko       Brent Burns              Shea Weber               

Last Minutes Defensive
   Center                   Left Wing                Right Wing               Defense                  Defense                  
   Patrice Bergeron         Dominik Kubalik          Vladimir Tarasenko       Brent Burns              Shea Weber               

Goaltenders
Starting : Sergei Bobrovsky         
Backup : Samuel Montembeault      

Extra Forwards
Normal : Ross Colton, Cooper Marody, Adam Henrique - PP : Ross Colton, Cooper Marody - PK : Adam Henrique
Extra Defensemen
Normal : Matt Benning, Josh Brown, CAR Cap Hit - PP : Matt Benning - PK : Josh Brown, CAR Cap Hit
Penalty Shots
Patrice Bergeron, Nicklas Backstrom, Vladimir Tarasenko, Alexander Radulov, Adam Henrique

Scratches
None

BUFFALO

5 vs 5 Forward 
   Center                   Left Wing                Right Wing               Time % Phy DF OF 
 1 Matt Duchene             Brad Marchand            Brock Nelson             35     1   0  4  
 2 Eric Staal               James van Riemsdyk       Charlie Coyle            30     1   0  4  
 3 Jordan Staal             Alex Killorn             Carl Hagelin             25     1   1  3  
 4 Nate Thompson            Noel Acciari             David Backes             10     2   2  1  

5 vs 5 Defense 
   Defense                  Defense                                           Time % Phy DF OF 
 1 Roman Josi               Drew Doughty                                      35     1   1  3  
 2 Brent Seabrook           Shea Theodore                                     30     1   1  3  
 3 Marco Scandella          Marc Staal                                        25     1   1  3  
 4 Roman Josi               Drew Doughty                                      10     1   1  3  

PowerPlay Forward 
   Center                   Left Wing                Right Wing               Time % Phy DF OF 
 1 Matt Duchene             Brad Marchand            Brock Nelson             60     0   0  5  
 2 Eric Staal               James van Riemsdyk       Charlie Coyle            40     0   0  5  

PowerPlay Defense
   Defense                  Defense                                           Time % Phy DF OF 
 1 Roman Josi               Drew Doughty                                      60     1   0  4  
 2 Brent Seabrook           Shea Theodore                                     40     1   0  4  

Penalty Kill 4 Players Forward 
   Center                   Wing                     Time % Phy DF OF 
 1 Jordan Staal             Brad Marchand            60     2   2  1  
 2 Noel Acciari             Carl Hagelin             40     1   3  1  

Penalty Kill 4 Players Defense
   Defense                  Defense                  Time % Phy DF OF 
 1 Roman Josi               Drew Doughty             60     1   2  2  
 2 Brent Seabrook           Marc Staal               40     1   2  2  

Penalty Kill - 3 Players Forward 
   Forward                                           Time % Phy DF OF 
 1 Jordan Staal                                      60     1   4  0  
 2 Noel Acciari                                      40     1   4  0  

Penalty Kill - 3 Players Defense
   Defense                  Defense                  Time % Phy DF OF 
 1 Roman Josi               Drew Doughty             60     1   2  2  
 2 Brent Seabrook           Marc Staal               40     1   2  2  

4 vs 4 Forward 
   Center                   Wing                     Time % Phy DF OF 
 1 Eric Staal               Brock Nelson             60     1   1  3  
 2 Jordan Staal             Alex Killorn             40     1   1  3  

4 vs 4 Defense
   Defense                  Defense                  Time % Phy DF OF 
 1 Roman Josi               Drew Doughty             60     1   2  2  
 2 Brent Seabrook           Shea Theodore            40     1   2  2  

Last Minutes Offensive
   Center                   Left Wing                Right Wing               Defense                  Defense                  
   Matt Duchene             Brad Marchand            Brock Nelson             Roman Josi               Drew Doughty             

Last Minutes Defensive
   Center                   Left Wing                Right Wing               Defense                  Defense                  
   Jordan Staal             Brad Marchand            Brock Nelson             Roman Josi               Drew Doughty             

Goaltenders
Starting : Tuukka Rask              
Backup : Alex Stalock             

Extra Forwards
Normal : Jordan Staal, James van Riemsdyk, Carl Hagelin - PP : Jordan Staal, James van Riemsdyk - PK : Carl Hagelin
Extra Defensemen
Normal : Shea Theodore, Brent Seabrook, Marc Staal - PP : Marco Scandella - PK : Shea Theodore, Marco Scandella
Penalty Shots
Matt Duchene, Brad Marchand, Brock Nelson, James van Riemsdyk, Charlie Coyle

Scratches
Matt Grzelcyk (Healthy)

% Time on Ice - CAROLINA

Lines # - Real PCT - Wanted PCT - Time Play
Normal Forward
1 - 28% - 35% - 12:07
2 - 30% - 30% - 12:58
3 - 33% - 25% - 14:41
4 - 9% - 10% - 4:08
Normal Defense
1 - 32% - 35% - 13:56
2 - 33% - 30% - 14:33
3 - 27% - 25% - 11:50
4 - 8% - 10% - 3:35
PP Forward
1 - 36% - 60% - 0:51
2 - 64% - 40% - 1:31
PP Defense
1 - 64% - 60% - 1:31
2 - 36% - 40% - 0:51
PK Forward
1 - 65% - 60% - 7:53
2 - 35% - 40% - 4:15
PK Defense
1 - 50% - 60% - 6:03
2 - 50% - 40% - 6:05
PK3 Forward
1 - 0% - 60%
2 - 0% - 40%
PK3 Defense
1 - 0% - 60%
2 - 0% - 40%
44 Forward
1 - 63% - 60% - 1:00
2 - 38% - 40% - 0:36
44 Defense
1 - 38% - 60% - 0:36
2 - 63% - 40% - 1:00
Last Minute Offensive  - 0:00
Last Minute Defensive  - 0:00
Total
Forward - 60:00
Defense - 60:00

% Time on Ice - BUFFALO

Lines # - Real PCT - Wanted PCT - Time Play
Normal Forward
1 - 28% - 35% - 12:29
2 - 31% - 30% - 13:43
3 - 27% - 25% - 11:41
4 - 14% - 10% - 6:01
Normal Defense
1 - 37% - 35% - 16:20
2 - 34% - 30% - 14:45
3 - 23% - 25% - 10:07
4 - 6% - 10% - 2:42
PP Forward
1 - 61% - 60% - 7:21
2 - 39% - 40% - 4:47
PP Defense
1 - 55% - 60% - 6:39
2 - 45% - 40% - 5:29
PK Forward
1 - 74% - 60% - 1:45
2 - 26% - 40% - 0:37
PK Defense
1 - 57% - 60% - 1:21
2 - 43% - 40% - 1:01
PK3 Forward
1 - 0% - 60%
2 - 0% - 40%
PK3 Defense
1 - 0% - 60%
2 - 0% - 40%
44 Forward
1 - 75% - 60% - 1:12
2 - 25% - 40% - 0:24
44 Defense
1 - 56% - 60% - 0:54
2 - 44% - 40% - 0:42
Last Minute Offensive  - 0:00
Last Minute Defensive  - 0:00
Total
Forward - 60:00
Defense - 60:00

Play-by-Play

1st period


0:01 of 1st period - Vladimir Tarasenko wins face-off versus Matt Duchene in neutral zone.
0:21 of 1st period - Shot by Vladimir Tarasenko.
0:21 of 1st period - Shot Blocked by Drew Doughty.
0:54 of 1st period - Shea Weber is hit by Brent Seabrook and loses puck.
1:56 of 1st period - Shot by Marco Scandella.
1:56 of 1st period - Shot Misses the Net.
2:37 of 1st period - Alexander Radulov is hit by Drew Doughty.
2:41 of 1st period - Shot by Nicklas Backstrom.
2:41 of 1st period - Shot Misses the Net.
2:43 of 1st period - Shot by Deryk Engelland.
2:43 of 1st period - Shot Blocked by Roman Josi.
2:45 of 1st period - Shot by Alexander Radulov.
2:45 of 1st period - Shot Blocked by Roman Josi.
2:49 of 1st period - Shot by Alexander Radulov.
2:49 of 1st period - Stopped by Tuukka Rask without a rebound.
2:50 of 1st period - Matt Duchene wins face-off versus Luke Kunin in BUFFALO zone.
2:50 of 1st period - Matt Duchene is hit by Luke Kunin.
3:03 of 1st period - Minor Penalty to Matt Benning for High sticking.
3:04 of 1st period - Eric Staal wins face-off versus Adam Henrique in CAROLINA zone.
3:05 of 1st period - Shot by Roman Josi.
3:05 of 1st period - Stopped by Sergei Bobrovsky without a rebound.
3:06 of 1st period - Matt Duchene wins face-off versus Adam Henrique in CAROLINA zone.
3:25 of 1st period - Shot by Matt Duchene.
3:25 of 1st period - Stopped by Sergei Bobrovsky without a rebound.
3:26 of 1st period - Eric Staal wins face-off versus Adam Henrique in CAROLINA zone.
3:43 of 1st period - Shot by Charlie Coyle.
3:43 of 1st period - Stopped by Sergei Bobrovsky without a rebound.
3:44 of 1st period - Matt Duchene wins face-off versus Adam Henrique in CAROLINA zone.
4:43 of 1st period - Shot by Alexander Radulov.
4:43 of 1st period - Deflect By Ross Colton.
4:43 of 1st period - Shot Misses the Net.
4:56 of 1st period - Icing by James van Riemsdyk.
4:57 of 1st period - Eric Staal wins face-off versus Nicklas Backstrom in BUFFALO zone.
5:13 of 1st period - Icing by Josh Brown.
5:14 of 1st period - Nate Thompson wins face-off versus Luke Kunin in CAROLINA zone.
6:15 of 1st period - Shot by Brad Marchand.
6:15 of 1st period - Stopped by Sergei Bobrovsky without a rebound.
6:16 of 1st period - Patrice Bergeron wins face-off versus Eric Staal in CAROLINA zone.
6:16 of 1st period - Patrice Bergeron is hit by James van Riemsdyk.
6:21 of 1st period - Minor Penalty to James van Riemsdyk for Interference.
6:22 of 1st period - Patrice Bergeron wins face-off versus Jordan Staal in BUFFALO zone.
7:25 of 1st period - Shot by Alexander Radulov.
7:25 of 1st period - Stopped by Tuukka Rask without a rebound.
7:26 of 1st period - Nicklas Backstrom wins face-off versus Carl Hagelin in BUFFALO zone.
9:12 of 1st period - Marc Staal is hit by Matt Martin and loses puck.
9:30 of 1st period - Noel Acciari is hit by Duncan Keith and loses puck.
9:43 of 1st period - Shot by Vladimir Tarasenko.
9:43 of 1st period - Stopped by Tuukka Rask without a rebound.
9:44 of 1st period - Matt Duchene wins face-off versus Sam Lafferty in BUFFALO zone.
10:09 of 1st period - Shot by Sam Lafferty.
10:09 of 1st period - Shot Blocked by Roman Josi.
11:37 of 1st period - Shot by Charlie Coyle.
11:37 of 1st period - Shot Misses the Net.
11:40 of 1st period - Icing by Adam Henrique.
11:41 of 1st period - Eric Staal wins face-off versus Luke Kunin in CAROLINA zone.
12:43 of 1st period - Shot by Vladimir Tarasenko.
12:43 of 1st period - Stopped by Tuukka Rask without a rebound.
12:44 of 1st period - Nicklas Backstrom wins face-off versus Nate Thompson in BUFFALO zone.
12:44 of 1st period - Alexander Radulov is hit by Shea Theodore and loses puck.
13:02 of 1st period - Shot by Brent Seabrook.
13:02 of 1st period - Stopped by Sergei Bobrovsky with a rebound.
13:04 of 1st period - Shot by Noel Acciari.
13:04 of 1st period - Shot Blocked by Deryk Engelland.
13:11 of 1st period - Noel Acciari is hit by Deryk Engelland and loses puck.
14:03 of 1st period - Matt Duchene is hit by Deryk Engelland.
14:07 of 1st period - Shot by Brad Marchand.
14:07 of 1st period - Deflect By Brock Nelson.
14:07 of 1st period - Stopped by Sergei Bobrovsky without a rebound.
14:08 of 1st period - Eric Staal wins face-off versus Luke Kunin in CAROLINA zone.
15:24 of 1st period - Minor Penalty to Josh Brown for Holding.
15:25 of 1st period - Matt Duchene wins face-off versus Patrice Bergeron in CAROLINA zone.
15:32 of 1st period - Shot by Brock Nelson.
15:32 of 1st period - Stopped by Sergei Bobrovsky with a rebound.
15:47 of 1st period - Minor Penalty to Roman Josi for Roughing.
15:48 of 1st period - Patrice Bergeron wins face-off versus Eric Staal in BUFFALO zone.
16:33 of 1st period - Duncan Keith is hit by Jordan Staal and loses puck.
16:47 of 1st period - Shot by Alex Killorn.
16:47 of 1st period - Goal by Alex Killorn - CAROLINA : 0 - BUFFALO : 1.
16:48 of 1st period - Eric Staal wins face-off versus Vladimir Tarasenko in neutral zone.
18:13 of 1st period - Icing by Adam Henrique.
18:14 of 1st period - Jordan Staal wins face-off versus Luke Kunin in CAROLINA zone.
18:15 of 1st period - Shot by Alex Killorn.
18:15 of 1st period - Stopped by Sergei Bobrovsky with a rebound.
18:23 of 1st period - Shot by Alex Killorn.
18:23 of 1st period - Shot Misses the Net.
18:25 of 1st period - Shot by Marco Scandella.
18:25 of 1st period - Stopped by Sergei Bobrovsky without a rebound.
18:26 of 1st period - Patrice Bergeron wins face-off versus Eric Staal in CAROLINA zone.
18:30 of 1st period - Off-side.
18:31 of 1st period - Nicklas Backstrom wins face-off versus Jordan Staal in neutral zone.
18:42 of 1st period - Shot by Alexander Radulov.
18:42 of 1st period - Shot Misses the Net.
18:45 of 1st period - Icing by Roman Josi.
18:46 of 1st period - Jordan Staal wins face-off versus Patrice Bergeron in BUFFALO zone.
18:59 of 1st period - Icing by Deryk Engelland.
19:00 of 1st period - Patrice Bergeron wins face-off versus Brad Marchand in CAROLINA zone.
19:00 of 1st period - Patrice Bergeron is hit by Brock Nelson.
19:05 of 1st period - Patrice Bergeron is hit by Brent Seabrook and loses puck.
19:10 of 1st period - Shot by Vladimir Tarasenko.
19:10 of 1st period - Shot Blocked by Brent Seabrook.
19:12 of 1st period - Shot by Patrice Bergeron.
19:12 of 1st period - Stopped by Tuukka Rask without a rebound.
19:13 of 1st period - Eric Staal wins face-off versus Kyle Clifford in BUFFALO zone.
19:32 of 1st period - Minor Penalty to Shea Weber for Hooking.
19:33 of 1st period - Nicklas Backstrom wins face-off versus Matt Duchene in CAROLINA zone.
19:58 of 1st period - Brad Marchand is hit by Josh Brown and loses puck.
Goals for this period are 0 for CAROLINA vs 1 for BUFFALO.
Shots for this period are 5 for CAROLINA vs 10 for BUFFALO.

2nd period


0:01 of 2nd period - Patrice Bergeron wins face-off versus Matt Duchene in neutral zone.
0:09 of 2nd period - Shot by Roman Josi.
0:09 of 2nd period - Shot Misses the Net.
0:16 of 2nd period - Icing by Roman Josi.
0:17 of 2nd period - Patrice Bergeron wins face-off versus Matt Duchene in BUFFALO zone.
1:29 of 2nd period - Icing by Shea Theodore.
1:30 of 2nd period - Patrice Bergeron wins face-off versus James van Riemsdyk in BUFFALO zone.
1:48 of 2nd period - Shot by Luke Kunin.
1:48 of 2nd period - Stopped by Tuukka Rask without a rebound.
1:49 of 2nd period - Nate Thompson wins face-off versus Nicklas Backstrom in BUFFALO zone.
3:04 of 2nd period - Shot by Matt Duchene.
3:04 of 2nd period - Stopped by Sergei Bobrovsky without a rebound.
3:05 of 2nd period - Patrice Bergeron wins face-off versus Eric Staal in CAROLINA zone.
5:43 of 2nd period - Alex Killorn is hit by Deryk Engelland and loses puck.
6:12 of 2nd period - Shot by Kyle Clifford.
6:12 of 2nd period - Stopped by Tuukka Rask with a rebound.
6:14 of 2nd period - Shot by Brent Burns.
6:14 of 2nd period - Stopped by Tuukka Rask without a rebound.
6:15 of 2nd period - Nicklas Backstrom wins face-off versus Eric Staal in BUFFALO zone.
6:22 of 2nd period - Shot by Nicklas Backstrom.
6:22 of 2nd period - Shot Misses the Net.
7:15 of 2nd period - Shot by Adam Henrique.
7:15 of 2nd period - Shot Misses the Net.
8:08 of 2nd period - Shot by Carl Hagelin.
8:08 of 2nd period - Shot Misses the Net.
8:10 of 2nd period - Shot by Marco Scandella.
8:10 of 2nd period - Stopped by Sergei Bobrovsky without a rebound.
8:11 of 2nd period - Nicklas Backstrom wins face-off versus Nate Thompson in CAROLINA zone.
8:17 of 2nd period - Minor Penalty to Deryk Engelland for Hooking.
8:18 of 2nd period - Patrice Bergeron wins face-off versus Eric Staal in CAROLINA zone.
8:47 of 2nd period - Shot by Eric Staal.
8:47 of 2nd period - Shot Misses the Net.
8:49 of 2nd period - Shot by Shea Theodore.
8:49 of 2nd period - Shot Blocked by Brent Burns.
8:51 of 2nd period - Shot by Brent Seabrook.
8:51 of 2nd period - Stopped by Sergei Bobrovsky without a rebound.
8:52 of 2nd period - Matt Duchene wins face-off versus Alexander Radulov in CAROLINA zone.
9:09 of 2nd period - Shot by Brock Nelson.
9:09 of 2nd period - Stopped by Sergei Bobrovsky without a rebound.
9:10 of 2nd period - Eric Staal wins face-off versus Vladimir Tarasenko in CAROLINA zone.
9:11 of 2nd period - Shot by Roman Josi.
9:11 of 2nd period - Stopped by Sergei Bobrovsky without a rebound.
9:12 of 2nd period - Eric Staal wins face-off versus Vladimir Tarasenko in CAROLINA zone.
10:05 of 2nd period - Shot by Shea Theodore.
10:05 of 2nd period - Shot Blocked by Brent Burns.
10:07 of 2nd period - Shot by Brad Marchand.
10:07 of 2nd period - Deflect By Brock Nelson.
10:07 of 2nd period - Goal by Brock Nelson - CAROLINA : 0 - BUFFALO : 2.
10:08 of 2nd period - Jordan Staal wins face-off versus Luke Kunin in neutral zone.
10:27 of 2nd period - Shot by Jordan Staal.
10:27 of 2nd period - Stopped by Sergei Bobrovsky without a rebound.
10:28 of 2nd period - Matt Duchene wins face-off versus Nicklas Backstrom in CAROLINA zone.
10:32 of 2nd period - Brock Nelson is hit by Duncan Keith and loses puck.
11:22 of 2nd period - Shot by Drew Doughty.
11:22 of 2nd period - Shot Misses the Net.
11:44 of 2nd period - Shot by Alex Killorn.
11:44 of 2nd period - Stopped by Sergei Bobrovsky without a rebound.
11:45 of 2nd period - Eric Staal wins face-off versus Patrice Bergeron in CAROLINA zone.
11:53 of 2nd period - Off-side.
11:54 of 2nd period - Eric Staal wins face-off versus Patrice Bergeron in neutral zone.
12:05 of 2nd period - Charlie Coyle is hit by Shea Weber and loses puck.
12:11 of 2nd period - Charlie Coyle is hit by Shea Weber.
13:23 of 2nd period - Minor Penalty to Adam Henrique for Holding.
13:24 of 2nd period - James van Riemsdyk wins face-off versus Patrice Bergeron in CAROLINA zone.
13:25 of 2nd period - Shot by Shea Theodore.
13:25 of 2nd period - Stopped by Sergei Bobrovsky without a rebound.
13:26 of 2nd period - Eric Staal wins face-off versus Patrice Bergeron in CAROLINA zone.
14:40 of 2nd period - Shot by Drew Doughty.
14:40 of 2nd period - Stopped by Sergei Bobrovsky without a rebound.
14:41 of 2nd period - Vladimir Tarasenko wins face-off versus Matt Duchene in CAROLINA zone.
14:50 of 2nd period - Shot by Drew Doughty.
14:50 of 2nd period - Shot Blocked by Deryk Engelland.
14:52 of 2nd period - Shot by Roman Josi.
14:52 of 2nd period - Shot Blocked by Deryk Engelland.
15:32 of 2nd period - Shot by Alex Killorn.
15:32 of 2nd period - Stopped by Sergei Bobrovsky without a rebound.
15:33 of 2nd period - Nate Thompson wins face-off versus Luke Kunin in CAROLINA zone.
15:42 of 2nd period - Shot by Nate Thompson.
15:42 of 2nd period - Stopped by Sergei Bobrovsky with a rebound.
15:44 of 2nd period - Shot by Noel Acciari.
15:44 of 2nd period - Shot Misses the Net.
15:50 of 2nd period - Shot by Nate Thompson.
15:50 of 2nd period - Shot Misses the Net.
15:52 of 2nd period - Shot by Noel Acciari.
15:52 of 2nd period - Stopped by Sergei Bobrovsky without a rebound.
15:53 of 2nd period - Eric Staal wins face-off versus Sam Lafferty in CAROLINA zone.
16:27 of 2nd period - Joel L'Esperance is hit by Marc Staal and loses puck.
16:48 of 2nd period - Shot by Nicklas Backstrom.
16:48 of 2nd period - Stopped by Tuukka Rask without a rebound.
16:49 of 2nd period - Jordan Staal wins face-off versus Luke Kunin in BUFFALO zone.
17:18 of 2nd period - Shot by Adam Henrique.
17:18 of 2nd period - Shot Misses the Net.
17:22 of 2nd period - Shot by Matt Martin.
17:22 of 2nd period - Shot Blocked by Drew Doughty.
17:24 of 2nd period - Shot by Duncan Keith.
17:24 of 2nd period - Shot Blocked by Drew Doughty.
17:26 of 2nd period - Shot by Adam Henrique.
17:26 of 2nd period - Shot Blocked by Drew Doughty.
18:38 of 2nd period - Shot by Patrice Bergeron.
18:38 of 2nd period - Stopped by Tuukka Rask with a rebound.
18:40 of 2nd period - Shot by Matt Benning.
18:40 of 2nd period - Stopped by Tuukka Rask with a rebound.
18:44 of 2nd period - Shot by Patrice Bergeron.
18:44 of 2nd period - Stopped by Tuukka Rask with a rebound.
19:39 of 2nd period - Matt Duchene is hit by Deryk Engelland and loses puck.
Goals for this period are 0 for CAROLINA vs 1 for BUFFALO.
Shots for this period are 7 for CAROLINA vs 13 for BUFFALO.

3rd period


0:01 of 3rd period - Patrice Bergeron wins face-off versus Matt Duchene in neutral zone.
0:22 of 3rd period - Shot by Dominik Kubalik.
0:22 of 3rd period - Shot Misses the Net.
0:24 of 3rd period - Shot by Dominik Kubalik.
0:24 of 3rd period - Stopped by Tuukka Rask with a rebound.
1:51 of 3rd period - Shot by Matt Martin.
1:51 of 3rd period - Shot Misses the Net.
2:22 of 3rd period - Minor Penalty to Brent Burns for High sticking.
2:23 of 3rd period - Matt Duchene wins face-off versus Patrice Bergeron in CAROLINA zone.
2:24 of 3rd period - Shot by Brad Marchand.
2:24 of 3rd period - Stopped by Sergei Bobrovsky without a rebound.
2:25 of 3rd period - Matt Duchene wins face-off versus Patrice Bergeron in CAROLINA zone.
2:45 of 3rd period - Icing by Matt Duchene.
2:46 of 3rd period - Patrice Bergeron wins face-off versus Matt Duchene in BUFFALO zone.
3:00 of 3rd period - Shot by Shea Theodore.
3:00 of 3rd period - Shot Blocked by Josh Brown.
3:02 of 3rd period - Shot by Brent Seabrook.
3:02 of 3rd period - Shot Blocked by Patrice Bergeron.
3:22 of 3rd period - Shot by Drew Doughty.
3:22 of 3rd period - Shot Misses the Net.
3:24 of 3rd period - Shot by Drew Doughty.
3:24 of 3rd period - Stopped by Sergei Bobrovsky with a rebound.
3:26 of 3rd period - Shot by Roman Josi.
3:26 of 3rd period - Shot Misses the Net.
3:28 of 3rd period - Shot by Roman Josi.
3:28 of 3rd period - Shot Misses the Net.
3:30 of 3rd period - Shot by Roman Josi.
3:30 of 3rd period - Shot Hit the Post.
4:39 of 3rd period - Shot by Matt Martin.
4:39 of 3rd period - Stopped by Tuukka Rask without a rebound.
4:40 of 3rd period - Jordan Staal wins face-off versus Luke Kunin in BUFFALO zone.
4:45 of 3rd period - Shot by Marco Scandella.
4:45 of 3rd period - Stopped by Sergei Bobrovsky without a rebound.
4:46 of 3rd period - Alex Killorn wins face-off versus Luke Kunin in CAROLINA zone.
4:51 of 3rd period - Shot by Carl Hagelin.
4:51 of 3rd period - Stopped by Sergei Bobrovsky without a rebound.
4:52 of 3rd period - Alex Killorn wins face-off versus Adam Henrique in CAROLINA zone.
5:27 of 3rd period - Duncan Keith is hit by Jordan Staal and loses puck.
6:03 of 3rd period - Shot by Charlie Coyle.
6:03 of 3rd period - Stopped by Sergei Bobrovsky without a rebound.
6:04 of 3rd period - Nicklas Backstrom wins face-off versus Brock Nelson in CAROLINA zone.
6:35 of 3rd period - Brock Nelson is hit by Matt Benning and loses puck.
6:38 of 3rd period - Shot by Brock Nelson.
6:38 of 3rd period - Stopped by Sergei Bobrovsky without a rebound.
6:39 of 3rd period - Patrice Bergeron wins face-off versus James van Riemsdyk in CAROLINA zone.
8:20 of 3rd period - Shot by Nicklas Backstrom.
8:20 of 3rd period - Shot Misses the Net.
8:26 of 3rd period - Shot by Kyle Clifford.
8:26 of 3rd period - Deflect By Nicklas Backstrom.
8:26 of 3rd period - Shot Misses the Net.
8:28 of 3rd period - Shot by Kyle Clifford.
8:28 of 3rd period - Shot Misses the Net.
8:30 of 3rd period - Shot by Josh Brown.
8:30 of 3rd period - Stopped by Tuukka Rask without a rebound.
8:31 of 3rd period - Sam Lafferty wins face-off versus Matt Duchene in BUFFALO zone.
8:40 of 3rd period - Shot by Brock Nelson.
8:40 of 3rd period - Shot Misses the Net.
8:42 of 3rd period - Shot by Shea Theodore.
8:42 of 3rd period - Stopped by Sergei Bobrovsky without a rebound.
8:43 of 3rd period - Patrice Bergeron wins face-off versus Jordan Staal in CAROLINA zone.
8:48 of 3rd period - Shot by Vladimir Tarasenko.
8:48 of 3rd period - Stopped by Tuukka Rask without a rebound.
8:49 of 3rd period - Matt Duchene wins face-off versus Nicklas Backstrom in BUFFALO zone.
9:12 of 3rd period - Shot by Alexander Radulov.
9:12 of 3rd period - Shot Misses the Net.
9:14 of 3rd period - Shot by Shea Weber.
9:14 of 3rd period - Stopped by Tuukka Rask without a rebound.
9:15 of 3rd period - Carl Hagelin wins face-off versus Patrice Bergeron in BUFFALO zone.
9:15 of 3rd period - Carl Hagelin is hit by Patrice Bergeron.
9:20 of 3rd period - Minor Penalty to Deryk Engelland for Roughing.
9:21 of 3rd period - Matt Duchene wins face-off versus Patrice Bergeron in CAROLINA zone.
9:55 of 3rd period - Shot by Brad Marchand.
9:55 of 3rd period - Shot Blocked by Duncan Keith.
9:57 of 3rd period - Shot by Brent Seabrook.
9:57 of 3rd period - Shot Blocked by Nicklas Backstrom.
10:40 of 3rd period - Shot by Brad Marchand.
10:40 of 3rd period - Stopped by Sergei Bobrovsky without a rebound.
10:41 of 3rd period - Matt Duchene wins face-off versus Patrice Bergeron in CAROLINA zone.
10:44 of 3rd period - Shot by Brad Marchand.
10:44 of 3rd period - Shot Blocked by Duncan Keith.
10:48 of 3rd period - Shot by Brock Nelson.
10:48 of 3rd period - Stopped by Sergei Bobrovsky without a rebound.
10:49 of 3rd period - Patrice Bergeron wins face-off versus Matt Duchene in CAROLINA zone.
11:26 of 3rd period - Shot by Luke Kunin.
11:26 of 3rd period - Stopped by Tuukka Rask without a rebound.
11:27 of 3rd period - Jordan Staal wins face-off versus Luke Kunin in BUFFALO zone.
11:33 of 3rd period - Shea Theodore and Matt Martin fight to a draw.
11:33 of 3rd period - Penalty to Shea Theodore for Fighting.
11:33 of 3rd period - Penalty to Matt Martin for Fighting.
11:34 of 3rd period - Luke Kunin wins face-off versus Alex Killorn in CAROLINA zone.
12:37 of 3rd period - Shot by Dominik Kubalik.
12:37 of 3rd period - Shot Misses the Net.
13:18 of 3rd period - Drew Doughty is hit by Vladimir Tarasenko and loses puck.
13:26 of 3rd period - Icing by Drew Doughty.
13:27 of 3rd period - Nicklas Backstrom wins face-off versus Eric Staal in BUFFALO zone.
13:52 of 3rd period - Shot by Alexander Radulov.
13:52 of 3rd period - Shot Misses the Net.
14:01 of 3rd period - Kyle Clifford is hit by Marc Staal and loses puck.
14:25 of 3rd period - Icing by Brent Seabrook.
14:26 of 3rd period - Matt Duchene wins face-off versus Luke Kunin in BUFFALO zone.
15:47 of 3rd period - Off-side.
15:48 of 3rd period - Nicklas Backstrom wins face-off versus Eric Staal in neutral zone.
15:55 of 3rd period - Shot by Kyle Clifford.
15:55 of 3rd period - Shot Misses the Net.
16:01 of 3rd period - Matt Benning is hit by Charlie Coyle and loses puck.
16:43 of 3rd period - Noel Acciari is hit by Deryk Engelland and loses puck.
17:27 of 3rd period - Icing by Shea Theodore.
17:28 of 3rd period - Luke Kunin wins face-off versus Carl Hagelin in BUFFALO zone.
17:29 of 3rd period - Shot by Adam Henrique.
17:29 of 3rd period - Shot Misses the Net.
17:31 of 3rd period - Shot by Brent Burns.
17:31 of 3rd period - Stopped by Tuukka Rask with a rebound.
17:45 of 3rd period - Shot by Luke Kunin.
17:45 of 3rd period - Shot Misses the Net.
17:51 of 3rd period - Shot by Adam Henrique.
17:51 of 3rd period - Stopped by Tuukka Rask without a rebound.
17:52 of 3rd period - Eric Staal wins face-off versus Nicklas Backstrom in BUFFALO zone.
17:59 of 3rd period - Shot by Nicklas Backstrom.
17:59 of 3rd period - Stopped by Tuukka Rask without a rebound.
18:00 of 3rd period - Eric Staal wins face-off versus Sam Lafferty in BUFFALO zone.
Goals for this period are 0 for CAROLINA vs 0 for BUFFALO.
Shots for this period are 9 for CAROLINA vs 9 for BUFFALO.